 Dungeon Crawl Stone Soup version 0.30.1-9-gdf580d7c3d (webtiles) character file.

Game seed: 8521558741339567512

3535 pkoi the Grappler (level 9, -4/118 HPs)
             Began as a Black Draconian Monk on Oct 11, 2023.
             Was a Priest of Dithmenos.
             Slain by a killer bee (7 damage)
             ... on level 9 of the Dungeon.
             The game lasted 00:11:07 (9070 turns).

pkoi the Grappler (Black Draconian Monk)            Turns: 9070, Time: 00:11:08

Health: -4/118     AC: 24    Str: 15    XL:     9   Next: 82%
Magic:  9/9        EV:  2    Int: 14    God:    Dithmenos [***...]
Gold:   738        SH:  5    Dex: 13    Spells: 8/8 levels left

rFire   + .          .
                       - Unarmed
rCold   . . .        (no shield)
rNeg    . . .        (body armour unavailable)
rPois   +            j - melded +2 hat
rElec   .            (cloak currently unavailable)
rCorr   .            v - melded +0 pair of gloves
SInv    .            (boots currently unavailable)
Will    .....        q - amulet of reflection
Stlth   ++++         c - ring of protection from fire
HPRegen 0.39/turn    (no ring)
MPRegen 0.11/turn

%: reflection
@: lethally poisoned (-4 -> -7), tree-form, wreathed by umbra
A: stationary, stasis, torment immunity, boosted hp, (breathe lightning), AC +7,
unfitting armour, (electricity resistance), (cold-blooded)
a: Renounce Religion, Shadow Step


You were on level 9 of the Dungeon.
You worshipped Dithmenos.
Dithmenos was most pleased with you.
You were a tree.
You visited 2 branches of the dungeon, and saw 10 of its levels.

You collected 898 gold pieces.
You spent 160 gold pieces at shops.

Inventory:

Hand Weapons
 k - a +2 hand axe of freezing
 u - a +0 short sword of speed
Missiles
 d - 29 poisoned darts (quivered)
 m - 3 throwing nets
Armour
 j - a +2 hat (melded)
 v - a +0 pair of gloves (melded)
Magical Staves
 b - a staff of air
Jewellery
 c - a ring of protection from fire (left branch)
 q - an amulet of reflection (around neck)
Wands
 p - a wand of charming (19)
 y - a wand of iceblast (18)
 B - a wand of light (5)
Scrolls
 h - a scroll of magic mapping
 i - 3 scrolls of teleportation
 l - 2 scrolls of poison
 s - a scroll of blinking
 w - 3 scrolls of butterflies
 x - a scroll of brand weapon
 z - 7 scrolls of identify
 C - a scroll of enchant armour
Potions
 a - a potion of ambrosia
 e - 3 potions of heal wounds
 f - 2 potions of berserk rage
 n - 6 potions of curing
 o - 2 potions of mutation {unknown}
 r - 2 potions of brilliance
 t - 2 potions of might
 A - 2 potions of haste {unknown}


   Skills:
 + Level 7.0 Fighting
 + Level 5.7 Dodging
 + Level 5.4 Stealth
 + Level 10.7 Unarmed Combat


You had 8 spell levels left.
You didn't know any spells.
Your spell library contained the following spells:

 Spells                   Type           Power      Damage    Failure   Level
 Foxfire                  Conj/Fire      0%         2x1d4     28%         1
 Cigotuvi's Dreadful Rot  Necr/Pois/Air  0%         N/A       41%         2
 Scorch                   Fire           0%         2d5       41%         2
 Sublimation of Blood     Necr           0%         N/A       41%         2
 Wereblood                Tmut           0%         N/A       41%         2
 Dazzling Flash           Conj/Hex       0%         N/A       65%         3
 Ignite Poison            Fire/Tmut/Pois 0%         N/A       65%         3
 Volatile Blastmotes      Fire/Tloc      0%         2d10      65%         3
 Iskenderun's Mystic Bla  Conj/Tloc      0%         2d3       96%         4
 Petrify                  Tmut/Erth      0%         N/A       96%         4
 Sticky Flame             Conj/Fire      0%         2d3       96%         4
 Fireball                 Conj/Fire      0%         3d3       100%        5
 Freezing Cloud           Conj/Ice/Air   0%         6-21      100%        5
 Irradiate                Conj/Tmut      0%         3d11      100%        5
 Lee's Rapid Deconstruct  Erth           0%         3d4*      100%        5
 Plasma Beam              Fire/Air       0%         2x1d11    100%        6
 Starburst                Conj/Fire      0%         6d3       100%        6
 Summon Hydra             Summ           0%         N/A       100%        7


Dungeon Overview and Level Annotations

Branches:
Dungeon (9/15)             Temple (1/1) D:5
   Lair: D:8-11         Orc: D:9-12

Altars:
Ashenzari
Cheibriados
Dithmenos
Fedhas
Gozag
Hepliaklqana
Kikubaaqudgha
Makhleb
Nemelex Xobeh
Okawaru
Qazlal
Sif Muna
Trog
Uskayaw
Vehumet
Wu Jian
Zin
The Shining One

Shops:
D:2 (   D:8 (

Annotations:
D:6 Pikel


Innate Abilities, Weirdness & Mutations

You are a tree.
Your roots penetrate the ground, keeping you stationary.
You cannot be teleported.
You are immune to unholy pain and torment.
Your maximum health is greatly increased.
Your equipment is partially melded.
((You can breathe wild blasts of lightning.))
((Your glossy black scales are hard. (AC +7)))
You cannot fit into any form of body armour.
((You are resistant to electric shocks. (rElec)))
((You are cold-blooded and may be slowed by cold attacks.))


Message History

Unknown command.
You hit the killer bee.
The killer bee is severely wounded.
The killer bee stings you but does no damage.
The killer bee stings you.
* * * LOW HITPOINT WARNING * * *
The killer bee barely misses you.
Unknown command.
You hit the killer bee.
The killer bee is severely wounded.
The killer bee stings you but does no damage. x3
You block the killer bee's attack.
An orc comes into view. It is wielding a +0 short sword.
You block the killer bee's attack. x2
The killer bee stings you but does no damage.
The killer bee completely misses you.
You completely miss the killer bee.
The killer bee is severely wounded.
You block the killer bee's attack.
The killer bee stings you but does no damage.
The killer bee stings you.
* * * LOW HITPOINT WARNING * * *
You are poisoned.
The killer bee poisons you!
The killer bee stings you but does no damage.
You miss the killer bee.
The killer bee is severely wounded.
You feel sick. The killer bee barely misses you.
You block the killer bee's attack. x2; The killer bee completely misses you.
The killer bee stings you but does no damage.
The killer bee stings you!
* * * LOW HITPOINT WARNING * * *
The killer bee stings you but does no damage. x2
You smack the killer bee!
You kill the killer bee!
Dithmenos accepts your kill.
You feel sick. You block the killer bee's attack. The killer bee stings you.
* * * LOW HITPOINT WARNING * * *
The killer bee stings you!
You die...

.........# #........#
#### #........# ....
#.......<# .....
#........######....
#.................
..............#..
...........yyy#
........####♣y#
...######..#..########
...#.......#.........>
+.......#..........
#.......#..........
##.......#..........
#........[...[......
+........#..........
#........#..........


You could see 4 killer bees.

Vanquished Creatures
  A hornet (D:8)
  A steam dragon (D:8)
  An acid dragon (D:9)
  Menkaure (D:4)
  Duvessa (D:6)
  A water moccasin (D:8)
  3 orc warriors
  3 sky beasts (D:7)
  A black bear (D:5)
  An ogre (D:5)
  A phantom (D:5)
  2 kobold brigands
  A gnoll sergeant (D:8)
  2 scorpions
  3 bullfrogs
  Dowan (D:6)
  5 wights
  7 killer bees
  A jelly (D:4)
  2 orc priests
  3 sleepcaps
  2 gnoll boudas
  3 hounds (D:4)
  3 iguanas
  4 orc wizards
  8 adders
  17 gnolls
  2 white imps
  2 ufetubi
  2 worms (D:4)
  A dart slug (D:2)
  17 orcs
  12 endoplasms
  6 giant cockroaches
  6 goblins
  5 hobgoblins
  2 jackals (D:3)
  7 quokkas
  8 ball pythons
  7 bats
  2 frilled lizards
  17 kobolds
  24 rats
199 creatures vanquished.

Notes
Turn   | Place    | Note
-------+----------+-------------------------------------------
     0 | D:1      | pkoi the Draconian Monk began the quest for the Orb.
     0 | D:1      | Reached XP level 1. HP: 19/19 MP: 1/1
   148 | D:1      | Reached XP level 2. HP: 26/26 MP: 2/2
   378 | D:1      | Reached skill level 4 in Unarmed Combat
   556 | D:1      | Reached XP level 3. HP: 22/31 MP: 3/3
   927 | D:2      | Found Eteun's Antique Weapon Shoppe.
  1233 | D:2      | Reached XP level 4. HP: 35/38 MP: 4/4
  1289 | D:2      | Reached skill level 5 in Unarmed Combat
  2152 | D:4      | Noticed Menkaure
  2540 | D:4      | Reached XP level 5. HP: 38/45 MP: 5/5
  2754 | D:4      | Killed Menkaure
  2755 | D:4      | Reached skill level 6 in Unarmed Combat
  2946 | D:4      | Reached skill level 7 in Unarmed Combat
  2946 | D:4      | Reached XP level 6. HP: 45/51 MP: 6/6
  4127 | D:4      | Reached skill level 8 in Unarmed Combat
  4390 | D:5      | Entered Level 5 of the Dungeon
  4390 | D:5      | Found a staircase to the Ecumenical Temple.
  4396 | Temple   | Entered the Ecumenical Temple
  4447 | Temple   | Became a worshipper of Dithmenos the Shadowed
  4447 | Temple   | Reached * piety under Dithmenos
  4447 | Temple   | Reached ** piety under Dithmenos
  4496 | D:5      | Your scales start taking on a glossy black colour.
  4496 | D:5      | Reached XP level 7. HP: 41/57 MP: 7/7
  4496 | D:5      | Gained mutation: You are resistant to electric shocks.
                  | (rElec) [Black Draconian growth]
  5147 | D:5      | Reached skill level 9 in Unarmed Combat
  5583 | D:5      | Reached skill level 1 in Stealth
  5718 | D:2      | Bought a slimy mace for 160 gold pieces
  5718 | D:2      | Identified the +4 mace "Liupaygh" {freeze, Drain rElec
                  | Dex+3} (You bought it in a shop on level 2 of the Dungeon)
  5837 | D:6      | Noticed Pikel
  5893 | D:6      | Found a broken altar of Ashenzari.
  5896 | D:6      | Noticed Dowan
  5896 | D:6      | Noticed Duvessa
  5913 | D:6      | Killed Duvessa
  5914 | D:6      | Reached XP level 8. HP: 19/66 MP: 8/8
  6189 | D:6      | Killed Dowan
  7237 | D:7      | Reached skill level 5 in Fighting
  7485 | D:7      | Reached skill level 10 in Unarmed Combat
  7485 | D:7      | Reached XP level 9. HP: 48/74 MP: 9/9
  7846 | D:8      | Got Duiplauzu's Guidebook on the Pyre and Mud
  7849 | D:8      | Found a hide-covered altar of Uskayaw.
  7986 | D:8      | Reached *** piety under Dithmenos
  8167 | D:8      | Reached skill level 5 in Dodging
  8390 | D:8      | Reached skill level 5 in Stealth
  8633 | D:8      | Found a stormy altar of Qazlal.
  8698 | D:8      | Found a shimmering blue altar of Sif Muna.
  8717 | D:8      | Found a glowing golden altar of the Shining One.
  8933 | D:8      | Found Potengy's Weapon Shoppe.
  9070 | D:9      | HP: 3/118 [killer bee (6)]
  9070 | D:9      | Slain by a killer bee

Illustrated notes

Levels and vault maps discovered:
D:1:      grunt_arrival_crossed_arrows, layout_basic
D:2:      layout_loops_ring, serial_shops, shop
D:3:      layout_loops_ring, minmay_rat_hole
D:4:      minmay_polygon_palace, layout_layer_cave, serial_glass,
          glass_columns_c, glass_columns_a, uniq_menkaure
D:5:      layout_basic, temple_statues, nicolae_hexahallways
D:6:      layout_rooms, lemuel_round_altar, uniq_pikel, uniq_duvessa
D:7:      layout_loops_corners, kennysheep_small_circle
D:8:      layout_rooms, nicolae_qazlal_style_of_elements,
          mainiacjoe_overflow_boulevard, mainiacjoe_overflow_big_doors,
          serial_shops, nicolae_shop_hallway_plus, minmay_fractal_squares_5
D:9:      layout_irregular_city, mainiacjoe_overflow_six_doors_small,
          yredelemnul_forgotten_temple_becter, erik_orc_1, uniq_harold
Temple:   cyrus_circular_temple

Skill      XL: |  1  2  3  4  5  6  7  8  9 |
---------------+----------------------------+-----
Unarmed Combat | 4 5 7 8 9 10 | 10.7
Stealth        | 1 3 5 |  5.4
Dodging        | 3 4 5 |  5.7
Fighting       | 5 7 |  7.0

Action                     |  1- 3 |  4- 6 |  7- 9 || total
---------------------------+-------+-------+-------++-------
  Melee: Unarmed           |   117 |   145 |   339 ||   601
         Tailslap          |    16 |    16 |    63 ||    95
         Punch             |       |       |    22 ||    22
  Throw: Dart              |       |       |     5 ||     5
Ability: Breathe Lightning |       |       |    10 ||    10
  Evoke: Wand              |       |       |     2 ||     2
    Use: Potion            |     3 |     2 |     1 ||     6
         Scroll            |       |    10 |     5 ||    15
   Stab: Sleeping          |       |       |     1 ||     1
         Invisible         |       |       |     1 ||     1
 Armour: Skin              |    34 |    57 |   101 ||   192
  Dodge: Dodged            |    77 |    92 |   214 ||   383
  Block: Other             |       |       |    34 ||    34
